 Dungeon Crawl Stone Soup version 0.31-a0-348-g810772c3d7 (webtiles) character file.

Game seed: 724963472853143766

6757 AIAndy the Prestidigitator (level 11, -3/84 HPs)
             Began as a Gnoll Wanderer on July 23, 2023.
             Was an Elder of Makhleb.
             Slain by a yak (13 damage)
             ... on level 9 of the Dungeon.
             The game lasted 00:41:45 (10328 turns).

AIAndy the Prestidigitator (Gnoll Wanderer)        Turns: 10328, Time: 00:41:46

Health: -3/84      AC: 16    Str: 15    XL:     11   Next: 4%
Magic:  20/20      EV: 14    Int:  8    God:    Makhleb [****..]
Gold:   128        SH:  0    Dex: 16    Spells: 20/22 levels left

rFire   . . .        B - +3 long sword (heavy)
rCold   . . .        (no shield)
rNeg    . . .        J - +0 acid dragon scales
rPois   +            q - +0 helmet
rElec   .            w - +0 cloak
rCorr   +            (no gloves)
SInv    .            v - +0 pair of boots
Will    .....        p - amulet of the acrobat
Stlth   +++          P - ring of poison resistance
HPRegen 0.34/turn    O - +4 ring of protection
MPRegen 0.17/turn

%: acrobat
@: no status effects
A: fangs 1, strong nose, distributed training
a: Renounce Religion, Minor Destruction, Lesser Servant of Makhleb, Major
Destruction


You were on level 9 of the Dungeon.
You worshipped Makhleb.
Makhleb was greatly pleased with you.
You visited 1 branch of the dungeon, and saw 9 of its levels.
You also visited: Sewer and Ossuary.

You collected 536 gold pieces.
You spent 408 gold pieces at shops.


Innate Abilities, Weirdness & Mutations

You have very sharp teeth.
Your uncanny sense of smell can sniff out nearby items.
Your experience applies equally to all skills.


   Skills:
 + Level 7.6 Fighting
 + Level 6.0 Short Blades
 + Level 6.0 Long Blades
 + Level 6.0 Axes
 + Level 6.0 Maces & Flails
 + Level 6.0 Polearms
 + Level 6.6 Staves
 + Level 6.0 Ranged Weapons
 + Level 6.0 Throwing
 + Level 9.0 Armour
 + Level 6.0 Dodging
 + Level 6.5 Stealth
 + Level 6.0 Shields
 + Level 6.0 Unarmed Combat
 + Level 6.0 Spellcasting
 + Level 4.9 Conjurations
 + Level 4.9 Hexes
 + Level 4.9 Summonings
 + Level 4.9 Necromancy
 + Level 4.9 Translocations
 + Level 4.9 Transmutations
 + Level 4.9 Fire Magic
 + Level 4.9 Ice Magic
 + Level 4.9 Air Magic
 + Level 4.9 Earth Magic
 + Level 4.9 Poison Magic
 + Level 6.5 Invocations
 + Level 9.0 Evocations
 + Level 4.9 Shapeshifting


You had 20 spell levels left.
You knew the following spells:

 Your Spells              Type           Power      Damage    Failure   Level
X - Wereblood             Tmut           10%        N/A       6%          2

Your spell library contained the following spells:

 Spells                   Type           Power      Damage    Failure   Level
 Shock                    Conj/Air       40%        1d5       4%          1
 Scorch                   Fire           20%        2d5       6%          2
 Sublimation of Blood     Necr           10%        N/A       6%          2
 Portal Projectile        Hex/Tloc       20%        N/A       12%         3
 Swiftness                Air            10%        N/A       12%         3
 Airstrike                Air            5%         2d(1-17)  38%         4
 Cause Fear               Hex            5%         N/A       38%         4
 Flame Wave               Conj/Fire      10%        2d6       38%         4
 Iskenderun's Mystic Bla  Conj/Tloc      10%        2d4       38%         4
 Fireball                 Conj/Fire      5%         3d5       75%         5
 Irradiate                Conj/Tmut      5%         3d13      75%         5
 Summon Hydra             Summ           5%         N/A       100%        7
 Dragon's Call            Summ           5%         N/A       100%        9

Inventory:

Hand Weapons
 a - a +0 quarterstaff
 j - a +2 broad axe of distortion
 B - a +3 heavy long sword (weapon)
Armour
 b - a +0 chain mail
 q - a +0 helmet (worn)
 t - a +2 ring mail of willpower
 v - a +0 pair of boots (worn)
 w - a +0 cloak (worn)
 A - a +0 plate armour
 J - +0 acid dragon scales (worn)
Jewellery
 p - an amulet of the acrobat (around neck)
 C - a ring of protection from cold
 I - a +6 ring of intelligence
 O - a +4 ring of protection (right hand)
 P - a ring of poison resistance (left hand)
 R - a ring of resist corrosion
Wands
 c - a wand of polymorph (7) (quivered)
 F - a wand of flame (22)
 K - a wand of digging (9)
Scrolls
 d - a scroll of silence {!r}
 e - 4 scrolls of revelation
 f - 3 scrolls of teleportation {unknown}
 h - 3 scrolls of butterflies {unknown}
 o - 2 scrolls of poison {unknown}
 r - 3 scrolls of fear {unknown}
 u - a scroll of enchant armour {unknown}
 y - 6 scrolls of blinking
 E - 2 scrolls of vulnerability {unknown}
 G - a scroll of enchant weapon {unknown}
Potions
 g - 2 potions of brilliance
 i - 4 potions of mutation {!q}
 k - 5 potions of curing {@q1}
 l - 2 potions of resistance
 m - 4 potions of haste {@q3}
 n - a potion of ambrosia
 s - a potion of berserk rage {!q}
 x - 3 potions of enlightenment
 z - 4 potions of lignification {!q}
 D - a potion of might
 H - a potion of heal wounds {@q2}

Dungeon Overview and Level Annotations

Branches:
Dungeon (9/15)             Temple (0/1) D:5            Lair (0/5) D:8
  Sewer (visited)         Ossuary (visited)
    Orc: D:9-12

Altars:
Ashenzari
Makhleb
Ru
Trog
Zin

Shops:
D:2 !

Annotations:
D:8 2 transporters, zdzicho121's ghost, novice GrEE

#......#
#......#
#...<..# #
#.....<####...#
#......'....#
#......######
#####'## ##...#
#Y@### #Y## ...
..... #.....
#..... #.....
#.....


You could see 2 yaks.


Message History

The yak barely misses you.
You hit the yak. You bite the yak.
The yak is severely wounded.
The yak gores you but does no damage. The yak barely misses you.
You slash the yak! You bite the yak, but do no damage.
The yak is almost dead.
The yak closely misses you. The yak gores you!
* * * LOW HITPOINT WARNING * * *
The yak gores you.
* * * LOW HITPOINT WARNING * * *
The yak barely misses you.
You barely miss the yak. You bite the yak, but do no damage.
The yak is almost dead.
The yak gores you.
* * * LOW HITPOINT WARNING * * *
The yak completely misses you. The yak gores you but does no damage.
The yak gores you.
* * * LOW HITPOINT WARNING * * *
You hit the yak but do no damage.
The yak is almost dead.
The yak gores you.
* * * LOW HITPOINT WARNING * * *
The yak gores you but does no damage.
Unknown command.
You closely miss the yak. You bite the yak, but do no damage.
The yak is almost dead.
The yak gores you!
* * * LOW HITPOINT WARNING * * *
The yak gores you but does no damage. The yak gores you!
You die...

Skill      XL: |  1  2  3  4  5  6  7  8  9 10 11 |
---------------+----------------------------------+-----
Invocations    | 1 2 3 4 5 6 |  6.5
Short Blades   | 1 2 3 4 5 6 |  6.0
Long Blades    | 1 2 3 4 5 6 |  6.0
Axes           | 1 2 3 4 5 6 |  6.0
Maces & Flails | 1 2 3 4 5 6 |  6.0
Polearms       | 1 2 3 4 5 6 |  6.0
Ranged Weapons | 1 2 3 4 5 6 |  6.0
Throwing       | 1 2 3 4 5 6 |  6.0
Dodging        | 1 2 3 4 5 6 |  6.0
Shields        | 1 2 3 4 5 6 |  6.0
Unarmed Combat | 1 2 3 4 5 6 |  6.0
Spellcasting   | 1 2 3 4 5 6 |  6.0
Conjurations   | 1 2 3 4 |  4.9
Hexes          | 1 2 3 4 |  4.9
Summonings     | 1 2 3 4 |  4.9
Necromancy     | 1 2 3 4 |  4.9
Translocations | 1 2 3 4 |  4.9
Transmutations | 1 2 3 4 |  4.9
Fire Magic     | 1 2 3 4 |  4.9
Ice Magic      | 1 2 3 4 |  4.9
Air Magic      | 1 2 3 4 |  4.9
Earth Magic    | 1 2 3 4 |  4.9
Poison Magic   | 1 2 3 4 |  4.9
Shapeshifting  | 1 2 3 4 |  4.9
Staves         | 3 4 5 6 |  6.6
Stealth        | 3 4 5 6 |  6.5
Fighting       | 5 6 7 |  7.6
Armour         | 7 8 9 |  9.0
Evocations     | 7 8 9 |  9.0

Action                     |  1- 3 |  4- 6 |  7- 9 | 10-12 || total
---------------------------+-------+-------+-------+-------++-------
  Melee: Quarterstaff      |   111 |   251 |   263 |       ||   625
         Bite              |    11 |    32 |    63 |    18 ||   124
         Long sword        |       |       |   158 |   126 ||   284
         Punch             |       |       |     4 |     8 ||    12
   Cast: Wereblood         |       |       |       |     1 ||     1
 Invoke: Minor Destruction |       |       |   111 |    19 ||   130
         Lesser Servant of |       |       |       |     4 ||     4
    Use: Potion            |       |       |     1 |       ||     1
         Scroll            |       |       |     7 |       ||     7
   Stab: Sleeping          |       |     1 |    10 |       ||    11
         Distracted        |       |       |       |     1 ||     1
 Armour: Chain mail        |    84 |    78 |       |       ||   162
         Ring mail         |       |    66 |   322 |    99 ||   487
         Acid dragon scale |       |       |       |    27 ||    27
  Dodge: Dodged            |    47 |   137 |   393 |   181 ||   758

Levels and vault maps discovered:
D:1:      amcnicky_arrival_double_pillar, layout_loops_ring
D:2:      layout_basic, serial_shops, nicolae_shop_tiny_glass, minmay_ruptured
D:3:      layout_basic, ebering_ecumenical_altar_hall, uniq_jessica
D:4:      layout_rooms, nicolae_overflow_two_pavilions, corner_web_ring,
          uniq_edmund
D:5:      kb_forest_paths, layout_basic, minmay_temple_entry_stoned_glass,
          portal_sewer_entry_f, serial_undead, serial_undead_c, serial_undead_e,
          serial_undead_b, serial_undead_c, serial_undead_e, uniq_blork_the_orc
D:6:      layout_gridville, hangedman_decor_riveting, kennysheep_generic_room_11
D:7:      layout_basic, nicolae_ossuary_entry_giza, lightli_minifort,
          uniq_menkaure
D:8:      layout_cave_pools, nicolae_ru_sacrificial_ziggurat,
          due_lair_maze_entry_diamond, gammafunk_ghost_wrathful_warriors,
          uniq_maggie
D:9:      layout_roguey [special_room_orc], hiddenorc2_lemuel, uniq_joseph

Notes
Turn   | Place    | Note
-------+----------+-------------------------------------------
     0 | D:1      | AIAndy the Gnoll Wanderer began the quest for the Orb.
     0 | D:1      | AIAndy set off with the following items: a +0 quarterstaff,
                  | a +0 chain mail, a wand of polymorph (5), a scroll of
                  | silence {!r}.
     0 | D:1      | Reached XP level 1. HP: 20/20 MP: 1/1
    85 | D:1      | Reached XP level 2. HP: 26/26 MP: 2/2
   585 | D:1      | Reached XP level 3. HP: 31/31 MP: 3/3
   914 | D:2      | Reached skill level 1 in Invocations
   921 | D:2      | Reached skill level 1 in Short Blades
   921 | D:2      | Reached skill level 1 in Long Blades
   921 | D:2      | Reached skill level 1 in Axes
   921 | D:2      | Reached skill level 1 in Maces & Flails
   921 | D:2      | Reached skill level 1 in Polearms
   921 | D:2      | Reached skill level 1 in Ranged Weapons
   921 | D:2      | Reached skill level 1 in Throwing
   921 | D:2      | Reached skill level 1 in Dodging
   921 | D:2      | Reached skill level 1 in Shields
   921 | D:2      | Reached skill level 1 in Unarmed Combat
   921 | D:2      | Reached skill level 1 in Spellcasting
  1110 | D:2      | Reached XP level 4. HP: 38/38 MP: 5/5
  1388 | D:2      | Found Qonerin's Distillery.
  1704 | D:2      | Bought a potion of heal wounds for 60 gold pieces
  1791 | D:3      | Reached skill level 1 in Conjurations
  1791 | D:3      | Reached skill level 1 in Hexes
  1791 | D:3      | Reached skill level 1 in Summonings
  1791 | D:3      | Reached skill level 1 in Necromancy
  1791 | D:3      | Reached skill level 1 in Translocations
  1791 | D:3      | Reached skill level 1 in Transmutations
  1791 | D:3      | Reached skill level 1 in Fire Magic
  1791 | D:3      | Reached skill level 1 in Ice Magic
  1791 | D:3      | Reached skill level 1 in Air Magic
  1791 | D:3      | Reached skill level 1 in Earth Magic
  1791 | D:3      | Reached skill level 1 in Poison Magic
  1791 | D:3      | Reached skill level 1 in Shapeshifting
  1956 | D:3      | Noticed Jessica
  1966 | D:3      | Killed Jessica
  1967 | D:3      | Reached XP level 5. HP: 30/43 MP: 5/7
  1973 | D:3      | Reached skill level 3 in Staves
  2174 | D:3      | Found a faded altar of an unknown god.
  2213 | D:3      | Prayed at the altar of an unknown god.
  2213 | D:3      | Became a worshipper of Makhleb the Destroyer
  2213 | D:3      | Reached * piety under Makhleb
  2912 | D:3      | Reached skill level 2 in Invocations
  3057 | D:4      | Reached skill level 3 in Stealth
  3057 | D:4      | Reached XP level 6. HP: 42/50 MP: 8/8
  3284 | D:4      | Reached skill level 5 in Fighting
  3284 | D:4      | Reached skill level 2 in Short Blades
  3284 | D:4      | Reached skill level 2 in Long Blades
  3284 | D:4      | Reached skill level 2 in Axes
  3284 | D:4      | Reached skill level 2 in Maces & Flails
  3284 | D:4      | Reached skill level 2 in Polearms
  3284 | D:4      | Reached skill level 2 in Ranged Weapons
  3284 | D:4      | Reached skill level 2 in Throwing
  3284 | D:4      | Reached skill level 2 in Dodging
  3284 | D:4      | Reached skill level 2 in Shields
  3284 | D:4      | Reached skill level 2 in Unarmed Combat
  3284 | D:4      | Reached skill level 2 in Spellcasting
  3684 | D:4      | Noticed Edmund
  3705 | D:4      | Killed Edmund
  3706 | D:4      | Reached skill level 7 in Armour
  3706 | D:4      | Reached skill level 7 in Evocations
  3706 | D:4      | Reached XP level 7. HP: 17/48 MP: 10/10
  3900 | D:4      | Reached skill level 2 in Conjurations
  3900 | D:4      | Reached skill level 2 in Hexes
  3900 | D:4      | Reached skill level 2 in Summonings
  3900 | D:4      | Reached skill level 2 in Necromancy
  3900 | D:4      | Reached skill level 2 in Translocations
  3900 | D:4      | Reached skill level 2 in Transmutations
  3900 | D:4      | Reached skill level 2 in Fire Magic
  3900 | D:4      | Reached skill level 2 in Ice Magic
  3900 | D:4      | Reached skill level 2 in Air Magic
  3900 | D:4      | Reached skill level 2 in Earth Magic
  3900 | D:4      | Reached skill level 2 in Poison Magic
  3900 | D:4      | Reached skill level 2 in Shapeshifting
  4015 | D:4      | Found a glowing silver altar of Zin.
  4015 | D:4      | Found a broken altar of Ashenzari.
  4049 | D:5      | Entered Level 5 of the Dungeon
  4094 | D:5      | Found a glowing drain.
  4105 | D:5      | Reached ** piety under Makhleb
  4126 | Sewer    | Entered a sewer
  4460 | Sewer    | Reached skill level 3 in Invocations
  4488 | Sewer    | Got the Meditations on the Roasted Blink Frog
  4853 | D:5      | Found a staircase to the Ecumenical Temple.
  4887 | D:5      | Reached XP level 8. HP: 62/63 MP: 12/12
  4921 | D:5      | Reached skill level 4 in Staves
  4925 | D:5      | Reached skill level 3 in Short Blades
  4925 | D:5      | Reached skill level 3 in Long Blades
  4925 | D:5      | Reached skill level 3 in Axes
  4925 | D:5      | Reached skill level 3 in Maces & Flails
  4925 | D:5      | Reached skill level 3 in Polearms
  4925 | D:5      | Reached skill level 3 in Ranged Weapons
  4925 | D:5      | Reached skill level 3 in Throwing
  4925 | D:5      | Reached skill level 3 in Dodging
  4925 | D:5      | Reached skill level 3 in Shields
  4925 | D:5      | Reached skill level 3 in Unarmed Combat
  4925 | D:5      | Reached skill level 3 in Spellcasting
  5072 | D:5      | Reached skill level 4 in Stealth
  5165 | D:5      | Noticed Blork the orc
  5182 | D:5      | Killed Blork the orc
  5637 | D:5      | Reached skill level 3 in Conjurations
  5637 | D:5      | Reached skill level 3 in Hexes
  5637 | D:5      | Reached skill level 3 in Summonings
  5637 | D:5      | Reached skill level 3 in Necromancy
  5637 | D:5      | Reached skill level 3 in Translocations
  5637 | D:5      | Reached skill level 3 in Transmutations
  5637 | D:5      | Reached skill level 3 in Fire Magic
  5637 | D:5      | Reached skill level 3 in Ice Magic
  5637 | D:5      | Reached skill level 3 in Air Magic
  5637 | D:5      | Reached skill level 3 in Earth Magic
  5637 | D:5      | Reached skill level 3 in Poison Magic
  5637 | D:5      | Reached skill level 4 in Invocations
  5637 | D:5      | Reached skill level 3 in Shapeshifting
  5813 | D:5      | Reached skill level 6 in Fighting
  5843 | D:5      | Reached *** piety under Makhleb
  5890 | D:5      | Reached XP level 9. HP: 58/69 MP: 14/14
  6172 | D:6      | Reached skill level 4 in Short Blades
  6172 | D:6      | Reached skill level 4 in Long Blades
  6172 | D:6      | Reached skill level 4 in Axes
  6172 | D:6      | Reached skill level 4 in Maces & Flails
  6172 | D:6      | Reached skill level 4 in Polearms
  6172 | D:6      | Reached skill level 4 in Ranged Weapons
  6172 | D:6      | Reached skill level 4 in Throwing
  6172 | D:6      | Reached skill level 4 in Dodging
  6172 | D:6      | Reached skill level 4 in Shields
  6172 | D:6      | Reached skill level 4 in Unarmed Combat
  6172 | D:6      | Reached skill level 4 in Spellcasting
  6256 | D:6      | Learned a level 2 spell: Wereblood
  6824 | D:6      | Reached skill level 5 in Staves
  7240 | D:7      | Found a sand-covered staircase.
  7247 | Ossuary  | Entered an ossuary
  7326 | Ossuary  | Reached skill level 5 in Stealth
  7350 | Ossuary  | Reached skill level 8 in Armour
  7350 | Ossuary  | Reached skill level 8 in Evocations
  7412 | Ossuary  | Reached **** piety under Makhleb
  7422 | Ossuary  | Noticed a silent spectre
  7426 | Ossuary  | Reached skill level 5 in Invocations
  7700 | D:2      | Bought a potion of resistance for 120 gold pieces
  7700 | D:2      | Bought a potion of curing for 36 gold pieces
  7700 | D:2      | Bought 2 potions of lignification for 72 gold pieces
  7700 | D:2      | Bought a potion of haste for 120 gold pieces
  8319 | D:7      | Noticed Menkaure
  8324 | D:7      | Killed Menkaure
  8325 | D:7      | Reached skill level 4 in Conjurations
  8325 | D:7      | Reached skill level 4 in Hexes
  8325 | D:7      | Reached skill level 4 in Summonings
  8325 | D:7      | Reached skill level 4 in Necromancy
  8325 | D:7      | Reached skill level 4 in Translocations
  8325 | D:7      | Reached skill level 4 in Transmutations
  8325 | D:7      | Reached skill level 4 in Fire Magic
  8325 | D:7      | Reached skill level 4 in Ice Magic
  8325 | D:7      | Reached skill level 4 in Air Magic
  8325 | D:7      | Reached skill level 4 in Earth Magic
  8325 | D:7      | Reached skill level 4 in Poison Magic
  8325 | D:7      | Reached skill level 4 in Shapeshifting
  8395 | D:7      | Reached XP level 10. HP: 77/77 MP: 17/17
  8418 | D:7      | Reached skill level 5 in Short Blades
  8418 | D:7      | Reached skill level 5 in Long Blades
  8418 | D:7      | Reached skill level 5 in Axes
  8418 | D:7      | Reached skill level 5 in Maces & Flails
  8418 | D:7      | Reached skill level 5 in Polearms
  8418 | D:7      | Reached skill level 5 in Ranged Weapons
  8418 | D:7      | Reached skill level 5 in Throwing
  8418 | D:7      | Reached skill level 5 in Dodging
  8418 | D:7      | Reached skill level 5 in Shields
  8418 | D:7      | Reached skill level 5 in Unarmed Combat
  8418 | D:7      | Reached skill level 5 in Spellcasting
  9434 | D:8      | Found a bloodstained altar of Trog.
  9434 | D:8      | Noticed zdzicho121's ghost (novice GrEE)
  9435 | D:8      | Noticed a two-headed ogre
  9486 | D:8      | Noticed a moth of wrath
  9497 | D:8      | Found a transporter.
  9505 | D:8      | Found a transporter.
  9523 | D:8      | Reached skill level 7 in Fighting
  9549 | D:8      | Reached skill level 6 in Staves
  9670 | D:8      | Found a staircase to the Lair.
  9675 | D:8      | Noticed a two-headed ogre
  9699 | D:8      | Killed a two-headed ogre
  9700 | D:8      | Reached skill level 6 in Stealth
  9700 | D:8      | Reached skill level 6 in Invocations
  9702 | D:8      | Noticed Maggie
  9719 | D:8      | Killed Maggie
 10119 | D:8      | Found a sacrificial altar of Ru.
 10316 | D:9      | Reached XP level 11. HP: 57/84 MP: 19/19
 10322 | D:9      | Reached skill level 6 in Short Blades
 10322 | D:9      | Reached skill level 6 in Long Blades
 10322 | D:9      | Reached skill level 6 in Axes
 10322 | D:9      | Reached skill level 6 in Maces & Flails
 10322 | D:9      | Reached skill level 6 in Polearms
 10322 | D:9      | Reached skill level 6 in Ranged Weapons
 10322 | D:9      | Reached skill level 6 in Throwing
 10322 | D:9      | Reached skill level 9 in Armour
 10322 | D:9      | Reached skill level 6 in Dodging
 10322 | D:9      | Reached skill level 6 in Shields
 10322 | D:9      | Reached skill level 6 in Unarmed Combat
 10322 | D:9      | Reached skill level 6 in Spellcasting
 10322 | D:9      | Reached skill level 9 in Evocations
 10328 | D:9      | Slain by a yak

Vanquished Creatures
  A two-headed ogre (D:8)
  Maggie (D:8)
  3 yaks
  A wyvern (D:8)
  Menkaure (D:7)
  Edmund (D:4)
  6 water moccasins
  4 orc warriors
  3 ice beasts
  5 black bears
  An ogre (D:5)
  A centaur (D:6)
  2 phantoms (D:5)
  A kobold brigand (D:7)
  Blork the orc (D:5)
  6 bullfrogs
  A gnoll sergeant (D:5)
  A wight (Ossuary)
  2 water moccasin zombies (Ossuary)
  A water moccasin skeleton (D:5)
  6 killer bees (D:8)
  4 howler monkeys
  5 centaur zombies (Ossuary)
  6 bullfrog zombies
  2 orc priests
  3 jellies
  3 hounds
  A gnoll bouda (D:4)
  Jessica (D:3)
  2 scorpion zombies (D:5)
  3 iguanas
  6 orc wizards
  2 sleepcaps
  A mummy (D:7)
  12 adders
  9 gnolls
  A howler monkey skeleton (D:5)
  2 shadow imps
  3 white imps
  An ufetubus (D:7)
  2 adder zombies
  3 worms
  A dart slug (D:4)
  29 orcs
  4 endoplasms
  13 giant cockroaches
  5 goblins
  13 hobgoblins
  11 quokkas
  13 ball pythons
  6 bats
  9 frilled lizards
  2 gnoll zombies (Ossuary)
  3 goblin zombies
  4 hobgoblin zombies
  17 kobolds
  7 orc zombies (Ossuary)
  5 rats
263 creatures vanquished.

Vanquished Creatures (collateral kills)
  2 yaks (D:9)
  A kobold brigand (D:8)
  2 killer bees (D:8)
  An orc (D:8)
  A kobold (D:8)
7 creatures vanquished.

Grand Total: 270 creatures vanquished

Table legend: (Time is in decaauts)
 A = Elapsed time spent in this place.
 B = Non-inter-level travel time spent in this place.
 C = Inter-level travel time spent in this place.
 D = Time resting spent in this place.
 E = Time spent auto-exploring this place.
 F = Levels seen in this place.
 G = Mean time per level.
                   A        B        C        D        E       F      G
               +--------+--------+--------+--------+--------+-----+--------+
         Total |  10706 |   9545 |   1161 |    178 |   7003 |  11 |  973.3 |
       Dungeon |   9677 |   8516 |   1161 |    178 |   6402 |   9 | 1075.2 |
         Sewer |    759 |    759 |      0 |      0 |    519 |   1 |  759.0 |
       Ossuary |    269 |    269 |      0 |      0 |     81 |   1 |  269.0 |
               +--------+--------+--------+--------+--------+-----+--------+

Top non-repeatable levels by time:
     D:7: 1888 daAuts
     D:5: 1436 daAuts
     D:3: 1400 daAuts
     D:2: 1176 daAuts
     D:6: 1060 daAuts
     D:4: 1037 daAuts
     D:8: 922 daAuts
   Sewer: 759 daAuts
     D:1: 711 daAuts
 Ossuary: 269 daAuts
     D:9: 45 daAuts

Table legend:
 A = Non-vault XP
 B = Vault XP
 C = Vault XP percentage of total XP
 D = Non-vault monster count
 E = Vault monster count
 F = Vault count percentage of total count
                 A         B        C        D         E       F
            +---------+---------+-------+---------+---------+-------
      Total |    5499 |    4155 |  43.0 |     168 |     102 |  37.8
            +---------+---------+-------+---------+---------+-------
        D:1 |      40 |       0 |   0.0 |      24 |       0 |   0.0
        D:2 |      52 |       4 |   7.1 |      22 |       3 |  12.0
        D:3 |     189 |      37 |  16.4 |      25 |       1 |   3.8
        D:4 |     277 |     157 |  36.2 |      21 |       1 |   4.5
        D:5 |     561 |     783 |  58.3 |      20 |      20 |  50.0
        D:6 |     656 |      13 |   1.9 |      12 |       1 |   7.7
        D:7 |     906 |     341 |  27.3 |      20 |       9 |  31.0
        D:8 |    2002 |    1861 |  48.2 |      20 |      12 |  37.5
        D:9 |     816 |       0 |   0.0 |       4 |       0 |   0.0
      Sewer |       0 |     287 | 100.0 |       0 |      28 | 100.0
    Ossuary |       0 |     672 | 100.0 |       0 |      27 | 100.0
            +---------+---------+-------+---------+---------+-------
